AoeStats
← DR 851613

Arabia

504608339Analyzed
3v3 RM · 27d ago on Sep 5, 2026· 45m 18s· 6 players
Game mode
Random Map
Map size
Normal (6 player)
Population
200
Speed
Normal
Resources
Standard
Victory
Conquest
Starting age
Dark Age
Ending age
Imperial Age
RankedLock teamsTeams togetherTeam positionsShared explorationLock speedFull tech treeHidden civsTurbo modeCheats
Victory
Defeat
🇨🇱 Franks · Chile
1059
+14
🇨🇱 Celts · Chile
988
+17
🇨🇱 Ethiopians · Chile
979
+18
🇨🇱 Burgundians · Chile
1075
-18
1002
-16
🇨🇱 Slavs · Chile
979
-15
Muertofu
8:23 Loom
10:44 Feudal Age
11:08 Man-at-Arms
18:19 Fletching
27:20 Castle Age
25:11 Double-Bit Axe
26:18 Horse Collar
27:37 Forging
28:09 Gambesons
27:45 Long Swordsman
29:51 Scale Mail Armor
31:27 Pikeman
33:31 Arson
36:58 Iron Casting
36:39 Chain Mail Armor
37:03 Wheelbarrow
39:49 Bow Saw
39:41 Heavy Plow
39:34 Gold Mining
39:35 Stone Mining
40:57 Hand Cart
47:55 Imperial Age
Bastapiaux
8:24 Loom
10:43 Feudal Age
11:25 Double-Bit Axe
13:40 Fletching
17:22 Gold Mining
17:16 Horse Collar
19:40 Wheelbarrow
24:50 Castle Age
23:22 Padded Archer Armor
23:48 Stone Mining
24:57 Crossbowman
27:15 Gold Shaft Mining
26:54 Bow Saw
27:48 Bodkin Arrow
35:45 Imperial Age
33:49 Ballistics
33:47 Leather Archer Armor
34:19 Murder Holes
36:17 Arbalester
39:20 Chemistry
40:24 Stone Shaft Mining
39:57 Bracer
44:18 Two-Man Saw
45:32 Ring Archer Armor
45:26 Thumb Ring
misig
12:10 Feudal Age
15:55 Castle Age
17:20 Loom
19:47 Scale Barding Armor
19:48 Husbandry
19:53 Double-Bit Axe
28:15 Forging
35:30 Chain Barding Armor
35:36 Bow Saw
38:58 Iron Casting
39:11 Wheelbarrow
38:22 Town Watch
44:32 Hand Cart
44:18 Town Patrol
48:04 Imperial Age
DR 851613
3:44 Loom
12:42 Feudal Age
13:54 Man-at-Arms
14:31 Gold Mining
25:46 Bloodlines
30:19 Castle Age
29:34 Forging
Camilo M87
4:14 Loom
7:18 Horse Collar
11:29 Feudal Age
10:32 Double-Bit Axe
15:32 Scale Barding Armor
18:55 Forging
25:37 Castle Age
23:24 Town Watch
26:07 Cavalier
26:42 Pikeman
29:30 Husbandry
31:03 Light Cavalry
33:38 Wheelbarrow
32:28 Elite Skirmisher
34:05 Scale Mail Armor
35:02 Crossbowman
38:55 Squires
44:10 Iron Casting
Tp 上帝 士官候補生
4:23 Loom
10:25 Feudal Age
12:14 Double-Bit Axe
12:41 Champi Runner
15:12 Scale Mail Armor
22:12 Horse Collar
25:43 Castle Age
28:48 Fletching
28:59 Padded Archer Armor
29:10 Elite Skirmisher
32:20 Bodkin Arrow
33:46 Bow Saw
34:35 Leather Archer Armor
Connection lost

Rejoining the realm…

Still unreachable

The connection could not be restored.

Session expired

The server has moved on; the page needs a fresh start.